 Dungeon Crawl Stone Soup version 0.31-a0-524-g2a164cf6a2 (webtiles) character file.

Game seed: 12731167338155264738

264 AdnanSaban the Covered (level 6, 0/37 HPs)
             Began as a Gargoyle Fighter on Aug 12, 2023.
             Slain by a gnoll
             ... wielding a +0 whip
              (3 damage)
             ... on level 4 of the Dungeon.
             The game lasted 00:01:22 (2298 turns).

AdnanSaban the Covered (Gargoyle Fighter)           Turns: 2298, Time: 00:01:22

Health: 0/37       AC: 14    Str: 22    XL:     6   Next: 19%
Magic:  6/6        EV:  8    Int:  8    God:
Gold:   130        SH:  4    Dex:  9    Spells: 5/5 levels left

rFire   . . .        a - +0 flail
rCold   . . .        c - +0 buckler
rNeg    + . .        h - +0 chain mail
rPois   ∞            (no helmet)
rElec   +            (no cloak)
rCorr   .            (no gloves)
SInv    .            (no boots)
Will    .....        (no amulet) Stlth
                     (no ring)
HPRegen 0.26/turn    (no ring)
MPRegen 0.10/turn

%: no passive effects
@: no status effects
A: sickness immunity, AC +4, negative energy resistance 1, electricity
resistance, torment resistance 1, petrification resistance
a: no special abilities


You were on level 4 of the Dungeon.
You visited 1 branch of the dungeon, and saw 4 of its levels.

You collected 130 gold pieces.

Inventory:

Hand Weapons
 a - a +0 flail (weapon)
Armour
 c - a +0 buckler (worn)
 h - a +0 chain mail (worn)
Scrolls
 b - a scroll of immolation {unknown}
 g - a scroll of teleportation {unknown}
 i - a scroll of identify {unknown}
Potions
 d - 2 potions of might
 e - a potion of heal wounds {unknown}
 f - a potion of mutation {unknown}
 j - a potion of lignification {unknown}
 k - a potion of attraction {unknown}


   Skills:
 + Level 3.6 Fighting
 + Level 4.1 Maces & Flails
 + Level 4.7 Armour
 + Level 1.2 Dodging
 + Level 1.1 Stealth
 + Level 4.1 Shields


You had 5 spell levels left.
You didn't know any spells.
Your spell library was empty.

Dungeon Overview and Level Annotations

Branches:
Dungeon (4/15)
 Temple: D:4-7

Altars:


Innate Abilities, Weirdness & Mutations

You are immune to sickness and miasma.
Your stone body is resilient. (AC +4)
You are immune to poison.
You resist negative energy. (rN+)
You are resistant to electric shocks. (rElec)
You are resistant to unholy torment.
You are immune to petrification.


Message History

You are too injured to fight recklessly!
You are too injured to fight recklessly!
You are too injured to fight recklessly!
You are too injured to fight recklessly!
You are too injured to fight recklessly!
You are too injured to fight recklessly!
You are too injured to fight recklessly!
You are too injured to fight recklessly!
You are too injured to fight recklessly!
You are too injured to fight recklessly!
You are too injured to fight recklessly!
You are too injured to fight recklessly!
You are too injured to fight recklessly!
You are too injured to fight recklessly!
You are too injured to fight recklessly!
You are too injured to fight recklessly!
You are too injured to fight recklessly!
You barely miss the gnoll.
The gnoll is severely wounded.
You block the gnoll's attack. The gnoll barely misses you.
The gnoll hits you with a +0 halberd!
* * * LOW HITPOINT WARNING * * *
The gnoll barely misses you.
You hit the gnoll.
The gnoll is almost dead.
The gnoll hits you with a +0 halberd.
* * * LOW HITPOINT WARNING * * *
You block the gnoll's attack.
You closely miss the gnoll.
The gnoll is almost dead.
You block the gnoll's attack. The gnoll closely misses you.
You thump the gnoll!
You kill the gnoll!
The gnoll hits you with a +0 whip.
* * * LOW HITPOINT WARNING * * *
You barely miss the gnoll. The gnoll hits you with a +0 whip.
* * * LOW HITPOINT WARNING * * *
You hit the gnoll but do no damage. The gnoll barely misses you.
The gnoll hits you with a +0 whip.
You die...

#. #.. .. #...
... #...## #...
#.....# #....
#......###.....
#.....)........
#.)....@.......
##..###.g.##...
#...# +†..#
#..(+ #...#
#...# ....#
....#


You could see a gnoll.

Vanquished Creatures
  Sigmund (D:2)
  An orc wizard (D:2)
  2 gnolls (D:4)
  3 adders
  A worm (D:2)
  2 dart slugs (D:1)
  2 orcs (D:2)
  A ball python (D:1)
  3 endoplasms
  2 giant cockroaches
  A goblin (D:3)
  3 hobgoblins
  4 kobolds (D:2)
  2 quokkas (D:1)
  4 bats (D:1)
  3 frilled lizards
  3 rats (D:1)
38 creatures vanquished.

Notes
Turn   | Place    | Note
-------+----------+-------------------------------------------
     0 | D:1      | AdnanSaban the Gargoyle Fighter began the quest for the
                  | Orb.
     0 | D:1      | Reached XP level 1. HP: 14/14 MP: 1/1
   345 | D:1      | Reached XP level 2. HP: 19/19 MP: 2/2
  1130 | D:2      | Reached XP level 3. HP: 23/23 MP: 3/3
  1795 | D:2      | Reached skill level 1 in Dodging
  1795 | D:2      | Reached skill level 1 in Stealth
  1795 | D:2      | Reached XP level 4. HP: 8/28 MP: 4/4
  2133 | D:2      | Noticed Sigmund
  2144 | D:2      | Killed Sigmund
  2145 | D:2      | Reached XP level 5. HP: 26/32 MP: 5/5
  2145 | D:2      | Reached XP level 6. HP: 30/37 MP: 6/6
  2298 | D:4      | Slain by a gnoll

Illustrated notes

Levels and vault maps discovered:
D:1:      minmay_arrival_checkered_box, layout_basic, serial_curves,
          eino_curves_01, eino_curves_01, chequers_serial_rivers_large_a,
          minmay_misc_feat_cross
D:2:      layout_basic, uniq_sigmund
D:3:      layout_basic, chequers_serial_rivers_room_a, grunt_ministairs_3
D:4:      layout_gridville, yredelemnul_forgotten_temple_becter,
          amethyst_overflow_temple_binary, grunt_dithmenos_smoke,
          minmay_temple_entry_nine_rooms

Skill      XL: |  1  2  3  4  5  6 |
---------------+-------------------+-----
Armour         | 4 |  4.7
Dodging        | 1 |  1.2
Stealth        | 1 |  1.1
Maces & Flails | 3 4 |  4.1
Shields        | 4 |  4.1
Fighting       | |  3.6

Action                     |  1- 3 |  4- 6 || total
---------------------------+-------+-------++-------
  Melee: Flail             |   130 |    44 ||   174
 Armour: Chain mail        |    99 |    17 ||   116
  Dodge: Dodged            |    52 |    19 ||    71
  Block: Buckler           |    29 |    15 ||    44

Table legend: (Time is in decaauts)
 A = Elapsed time spent in this place.
 B = Non-inter-level travel time spent in this place.
 C = Inter-level travel time spent in this place.
 D = Time resting spent in this place.
 E = Time spent auto-exploring this place.
 F = Levels seen in this place.
 G = Mean time per level.
                   A        B        C        D        E       F      G
               +--------+--------+--------+--------+--------+-----+--------+
         Total |   2360 |   2322 |     38 |      0 |   1932 |   4 |  590.0 |
       Dungeon |   2360 |   2322 |     38 |      0 |   1932 |   4 |  590.0 |
               +--------+--------+--------+--------+--------+-----+--------+

Top non-repeatable levels by time:
     D:2: 1132 daAuts
     D:1: 1121 daAuts
     D:3: 75 daAuts
     D:4: 30 daAuts
